 Dungeon Crawl Stone Soup version 0.27.0-1-g7a089689b8 (webtiles) character file.

Game seed: 986889159163159219

53 Fama the Digger (level 3, -2/20 HPs)
             Began as a Gargoyle Earth Elementalist on Aug 1, 2021.
             Was an Initiate of Dithmenos.
             Slain by a water moccasin skeleton (7 damage)
             ... on level 3 of the Dungeon.
             The game lasted 00:03:44 (2369 turns).

Fama the Digger (Gargoyle Earth Elementalist)       Turns: 2369, Time: 00:03:49

Health: -2/20      AC:  5    Str: 11    XL:     3   Next: 89%
Magic:  2/6        EV: 12    Int: 16    God:    Dithmenos [......]
Gold:   99         SH:  0    Dex: 10    Spells: 0/6 levels left

rFire    . . .     SeeInvis .   d - +1 short sword (speed)
rCold    . . .     Faith    .   (no shield)
rNeg     + . .     Spirit   .   b - +0 robe
rPois    ∞         Reflect  .   (no helmet)
rElec    +         Harm     .   (no cloak)
rCorr    .         Rampage  .   (no gloves)
Will     .....                  (no boots)
Stlth    ++........             (no amulet)
HPRegen  0.06/turn              (no ring)
MPRegen  0.10/turn              (no ring)

@: no status effects
A: sickness immunity, AC +3, negative energy resistance 1, electricity
resistance, torment resistance 1, petrification resistance
a: Renounce Religion


You were on level 3 of the Dungeon.
You worshipped Dithmenos.
Dithmenos was noncommittal.
You visited 1 branch of the dungeon, and saw 3 of its levels.

You collected 99 gold pieces.

Inventory:

Hand Weapons
 d - a +1 short sword of speed (weapon)
Missiles
 c - 81 stones
Armour
 b - a +0 robe (worn)
 j - a +0 kite shield
Scrolls
 f - 2 scrolls of enchant weapon {unknown}
 i - 3 scrolls of identify {unknown}
 k - a scroll of brand weapon {unknown}
 l - a scroll of acquirement {unknown}
 n - a scroll of immolation {unknown}
 q - a scroll of vulnerability {unknown}
 r - a scroll of amnesia {unknown}
Potions
 a - 2 potions of curing {unknown}
 e - a potion of heal wounds {unknown}
 g - a potion of berserk rage {unknown}
 h - a potion of invisibility {unknown}
 m - a potion of lignification {unknown}
 o - a potion of ambrosia {unknown}
 p - a potion of degeneration {unknown}


   Skills:
 + Level 1.0 Fighting
 + Level 1.9 Dodging
 - Level 2.1 Stealth
 + Level 2.4 Spellcasting
 + Level 0.6 Conjurations
 - Level 1.0 Transmutations
 * Level 4.6 Earth Magic


You couldn't memorise any spells.
You knew the following spells:

 Your Spells              Type           Power      Damage    Failure   Level
a - Sandblast             Erth           32%        2d9       3%          1
b - Passwall              Tmut/Erth      8%         N/A       10%         2
c - Stone Arrow           Conj/Erth      20%        3d8       21%         3

Your spell library contained the following spells:

 Spells                   Type           Power      Damage    Failure   Level
 Petrify                  Tmut/Erth      10%        N/A       52%         4


Dungeon Overview and Level Annotations

Branches:
Dungeon (3/15)

Altars:
Dithmenos
Okawaru

Shops:
D:2 [


Innate Abilities, Weirdness & Mutations

You are immune to sickness and miasma.
Your stone body is resilient. (AC +3)
You are immune to poison.
You resist negative energy. (rN+)
You are resistant to electric shocks. (rElec)
You are resistant to unholy torment.
You are immune to petrification.


Message History

Found a faded altar of an unknown god.
A ball python comes into view.
The ball python hisses angrily.
The ball python misses you. The ball python closely misses you.
You hit the ball python.
You kill the ball python!
Dithmenos accepts your kill.
No target in view!
There is a dry fountain here.
There is a dry fountain here.
Found a falchion.
r - a scroll labelled NEXIAD MIYS You see here a +0 falchion.
There is a stone staircase leading down here.
A water moccasin skeleton is nearby!
You hit the water moccasin skeleton.
The water moccasin skeleton is lightly damaged.
The water moccasin skeleton bites you.
You completely miss the water moccasin skeleton.
The water moccasin skeleton is lightly damaged.
The water moccasin skeleton bites you.
Casting: Sandblast (safe; 3% risk of failure)
Confirm with . or Enter, or press ? or * to list all spells.
Aiming: Sandblast (safe; 3% risk of failure)
Press: ? - help, Shift-Dir - straight line, f - water moccasin skeleton
Aim: a water moccasin skeleton (lightly damaged, 85% to hit)
The blast of sand hits the water moccasin skeleton!
The water moccasin skeleton is heavily damaged.
The water moccasin skeleton bites you.
* * * LOW HITPOINT WARNING * * *
Casting: Sandblast (safe; 3% risk of failure)
Confirm with . or Enter, or press ? or * to list all spells.
The spell is extremely dangerous to cast (21% risk of failure)!
Continue anyway?
Aiming: Stone Arrow (extremely dangerous; 21% risk of failure)
Press: ? - help, Shift-Dir - straight line, f/p - water moccasin skeleton
Aim: a water moccasin skeleton (heavily damaged, 77% to hit)
The stone arrow hits the water moccasin skeleton!
The water moccasin skeleton is almost destroyed.
The water moccasin skeleton bites you!
You die...

#. #. .. #.##########
#.##.......# #.##.......#
#Z##.......########
#.@................
+..........###.....
#..........# #.....
#..........# #.....
#.#####.##.####### #.....
#......<.#.#########.....
#+#####..#....#..........
.........####.#.####..†..
..............#.# #.....


You could see a water moccasin skeleton.

Vanquished Creatures
  An adder (D:2)
  A worm (D:2)
  3 bats (D:1)
  3 endoplasms
  3 giant cockroaches
  3 goblins (D:1)
  3 hobgoblins
  5 jackals (D:1)
  A quokka (D:2)
  6 ball pythons
  A frilled lizard (D:1)
  3 kobolds
  7 rats
40 creatures vanquished.

Notes
Turn   | Place    | Note
-------+----------+-------------------------------------------
     0 | D:1      | Fama the Gargoyle Earth Elementalist began the quest for
                  | the Orb.
     0 | D:1      | Reached XP level 1. HP: 10/10 MP: 3/3
    65 | D:1      | Reached skill level 4 in Earth Magic
    67 | D:1      | Reached XP level 2. HP: 11/15 MP: 0/5
   640 | D:1      | Reached XP level 3. HP: 11/20 MP: 3/6
  1210 | D:1      | Learned a level 2 spell: Passwall
  1214 | D:1      | Learned a level 3 spell: Stone Arrow
  1326 | D:2      | Found a shadowy altar of Dithmenos.
  1352 | D:2      | Became a worshipper of Dithmenos the Shadowed
  1536 | D:2      | Found Efellysofo's Armour Shop.
  1626 | D:2      | Reached skill level 1 in Transmutations
  1902 | D:3      | Found an iron altar of Okawaru.
  1960 | D:3      | Reached skill level 1 in Fighting
  2273 | D:3      | Found a faded altar of an unknown god.
  2369 | D:3      | Slain by a water moccasin skeleton

Illustrated notes

Levels and vault maps discovered:
D:1:      heliophobic_arrival_ceremonial_halls, layout_basic, glass_columns_c
D:2:      layout_loops_ring, serial_shops, nicolae_lakefront_shop, basic_altar
D:3:      layout_basic, mainiacjoe_overflow_alcove_4,
          hellmonk_ecumenical_altar_run_dry, kennysheep_donut

Skill      XL: |  1  2  3 |
---------------+----------+-----
Earth Magic    | 4 |  4.6
Transmutations | 1 |  1.0
Fighting       | 1 |  1.0
Dodging        | |  1.9
Stealth        | |  2.1
Spellcasting   | |  2.4
Conjurations   | |  0.6

Action                   || total
-------------------------++-------
Melee: Short sword       ||   117
 Cast: Sandblast         ||    11
       Stone Arrow       ||     1
 Stab: Sleeping          ||    10
Armor: Robe              ||    26
Dodge: Dodged            ||    64
